 Dungeon Crawl Stone Soup version 0.29.1-4-g47bece8355 (webtiles) character file.

Game seed: 6749043428742150395

199312 LustLizard the Marksspriggan (level 17, -4/90 HPs)
             Began as a Spriggan Hunter on Dec 5, 2022.
             Was the Champion of Dithmenos.
             Slain by a pharaoh ant (37 damage)
             ... on level 3 of the Spider Nest.
             The game lasted 01:51:51 (42653 turns).

LustLizard the Marksspriggan (Spriggan Hunter)     Turns: 42653, Time: 01:51:52

Health: -4/90      AC: 11    Str: 11      XL:     17   Next: 84%
Magic:  7/28       EV: 41    Int: 15 (17) God:    Dithmenos [******]
Gold:   3223       SH:  2    Dex: 30      Spells: 16/30 levels left

rFire   + . .      SeeInvis +   q - +3 arbalest (venom)
rCold   . . .      Faith    .   (shield currently unavailable)
rNeg    + . .      Spirit   .   L - +4 robe of Augmentation {Str+4 Int+4 Dex+4}
rPois   .          Reflect  .   (helmet restricted)
rElec   .          Harm     .   V - scarf {+Inv}
rCorr   .          Rampage  .   (gloves unavailable)
Will    +++++      Clarity  +   (boots unavailable)
Stlth   ++++++++++              s - amulet of the Four Winds {rN+ Will+++ Clar}
HPRegen 0.25/turn               d - +4 ring of protection
MPRegen 0.21/turn               m - ring of the Octopus King {HP+2 AC+2 EV+2 SH+2 SInv}

@: very slightly contaminated, wreathed by umbra, studying 2 skills, very quick
A: very small, no large weapons, unfitting armour, see invisible, speed 3, horns
2, thin skeletal structure 1, deformed body, fire resistance 1
}: 1/15 runes: decaying
a: Renounce Religion, Evoke Invisibility, Shadow Step, Shadow Form


You were on level 3 of the Spider Nest.
You worshipped Dithmenos.
Dithmenos was exalted by your worship.
You visited 6 branches of the dungeon, and saw 30 of its levels.
You also visited: Sewer and Gauntlet.

You collected 3805 gold pieces.
You spent 582 gold pieces at shops.

Inventory:

Hand Weapons
 i - a +2 arbalest of flaming
 q - a +3 arbalest of venom (weapon)
Missiles
 D - a throwing net
Armour
 y - a +1 robe of cold resistance
 L - the +4 robe of Augmentation (worn) {Str+4 Int+4 Dex+4}
   (You found it on level 10 of the Dungeon)

   Str:       It affects your strength (+4).
   Int:       It affects your intelligence (+4).
   Dex:       It affects your dexterity (+4).
 V - a scarf of invisibility (worn)
Jewellery
 a - an amulet of regeneration
 d - a +4 ring of protection (left hand)
 m - a ring of the Octopus King (right hand) {HP+2 AC+2 EV+2 SH+2 SInv}
   (You found it on level 5 of the Lair of Beasts)

   [ring of see invisible]

   AC:        It affects your AC (+2).
   EV:        It affects your evasion (+2).
   HP:        It affects your health (+2).
   SInv:      It lets you see invisible.
   SH:        It affects your SH (+2).
 s - the amulet of the Four Winds (around neck) {rN+ Will+++ Clar}
   (You found it in a Gauntlet)

   [amulet of nothing]

   rN:        It protects you from negative energy.
   Clar:      It protects you against confusion.
   Will:      It greatly increases your willpower.
 J - a ring of positive energy
 W - the ring of Muorch Amohe {rC+ rCorr Int+4}
   (You found it on level 14 of the Dungeon)

   [ring of protection from cold]

   Int:       It affects your intelligence (+4).
   rC:        It protects you from cold.
   rCorr:     It protects you from acid and corrosion.
 Z - a ring of protection from fire
Wands
 n - a wand of light (24)
 x - a wand of paralysis (5)
 E - a wand of mindburst (3)
 H - a wand of digging (16)
 O - a wand of roots (72)
 Q - a wand of flame (49)
 S - a wand of polymorph (3)
Scrolls
 b - 5 scrolls of immolation
 f - 11 scrolls of teleportation
 g - 3 scrolls of fog
 j - 2 scrolls of brand weapon
 k - 4 scrolls of enchant weapon
 l - a scroll of poison
 o - 2 scrolls of fear
 B - 2 scrolls of torment
 C - 4 scrolls of enchant armour
 I - 5 scrolls of noise
 M - 3 scrolls of magic mapping
 T - 5 scrolls of amnesia
 X - 2 scrolls of blinking
 Y - 3 scrolls of silence
Potions
 c - 3 potions of invisibility
 e - a potion of curing
 h - 12 potions of brilliance
 p - 6 potions of lignification
 r - 2 potions of magic
 u - 5 potions of cancellation
 v - 5 potions of heal wounds
 z - 6 potions of flight
 A - 9 potions of mutation
 F - 8 potions of haste
 G - a potion of berserk rage
 K - 4 potions of might
 N - 3 potions of resistance
 U - 2 potions of ambrosia
Miscellaneous
 t - a condenser vane
 R - a lightning rod (4/4)


   Skills:
 * Level 9.7 Fighting
 * Level 20.5 Ranged Weapons
 * Level 16.3 Dodging
 - Level 6.1 Stealth
 - Level 7.1 Spellcasting
 - Level 6.3 Conjurations
 - Level 4.0 Translocations
 - Level 10.8 Transmutations
 - Level 7.0 Poison Magic
 + Level 10.8 Invocations
 - Level 10.4 Evocations


You had 16 spell levels left.
You knew the following spells:

 Your Spells              Type           Power      Damage    Failure   Level
a - Blink                 Tloc           34%        N/A       3%          2
b - Irradiate             Conj/Tmut      15%        3d16      11%         5
c - Ignite Poison         Fire/Tmut/Pois 23%        N/A       3%          3
d - Olgreb's Toxic Radia  Pois           26%        N/A       8%          4

Your spell library contained the following spells:

 Spells                   Type           Power      Damage    Failure   Level
 Sting                    Tmut/Pois      100%       1d8       1%          1
 Passwall                 Tmut/Erth      17%        N/A       2%          2
 Poisonous Vapours        Pois/Air       30%        N/A       4%          2
 Blade Hands              Tmut           18%        N/A       4%          5
 Mephitic Cloud           Conj/Pois/Air  18%        N/A       6%          3
 Stone Arrow              Conj/Erth      28%        3d8       11%         3
 Sandblast                Erth           10%        2d5       13%         1
 Slow                     Hex            20%        N/A       13%         1
 Confusing Touch          Hex            5%         N/A       36%         3
 Vampiric Draining        Necr           5%         2d6       36%         3
 Manifold Assault         Tloc           17%        N/A       56%         5
 Lightning Bolt           Conj/Air       7%         1d19      69%         5
 Airstrike                Air            2%         2d(1-17)  78%         4
 Animate Armour           Summ/Erth      10%        N/A       78%         4
 Summon Lightning Spire   Summ/Air       5%         N/A       78%         4
 Dragon Form              Tmut           18%        N/A       78%         7
 Freezing Cloud           Conj/Ice/Air   5%         6-21      83%         5
 Iron Shot                Conj/Erth      7%         9d2       99%         6
 Storm Form               Tmut/Air       10%        N/A       100%        7


Dungeon Overview and Level Annotations

Branches:
Dungeon (15/15)            Temple (1/1) D:7            Lair (5/5) D:11
  Swamp (4/4) Lair:3       Spider (3/4) Lair:2        Slime (0/5) Lair:4
    Orc (2/2) D:9             Elf (0/3) Orc:2        Vaults (0/5) D:14
 Depths (0/4) D:15          Sewer (visited)         Gauntlet (visited)

Altars:
Cheibriados
Dithmenos
Elyvilon
Fedhas
Gozag
Hepliaklqana
Kikubaaqudgha
Okawaru
Qazlal
Ru
Sif Muna
Trog
Uskayaw
Vehumet
Wu Jian
Xom
Yredelemnul
Zin

Shops:
D:10 [   Orc:1 (![=!   Orc:2 ((*(*

Annotations:
D:9 exclusions: obsidian statue and orange crystal statue
D:12 1 runed translucent door
Spider:2 Azrael


Innate Abilities, Weirdness & Mutations

You are very small and have problems with some larger weapons.
You are too small for most types of armour.
You have supernaturally acute eyesight. (SInv)
You cover ground extremely quickly. (Speed+++)
You have a pair of horns on your head.
You have a somewhat thin skeletal structure. (Dex +2, Stealth+)
Armour fits poorly on your strangely shaped body.
Your flesh is heat resistant. (rF+)


Message History

You hear a faint skittering sound.
You hear a skittering sound.
The pharaoh ant bites you!!
Fire: q) +3 arbalest (venom)
Press: ? - help, Q - select action, (/) - cycle Shift-Dir - straight line, f - tarantella, p - pharaoh ant
Aim: a tarantella (umbra, 67% to hit)
You shoot a bolt.
The bolt hits the tarantella but does no damage.
A wolf spider comes into view.
The pharaoh ant completely misses you.
Fire: q) +3 arbalest (venom)
Press: ? - help, Q - select action, (/) - cycle Shift-Dir - straight line, f/p - tarantella
Aim: a tarantella (umbra, 67% to hit)
You shoot a bolt.
The bolt completely misses the tarantella.
Your shadow shoots a bolt.
The bolt hits the tarantella.
The pharaoh ant completely misses you. The pharaoh ant closely misses you.
Fire: q) +3 arbalest (venom)
Press: ? - help, Q - select action, (/) - cycle Shift-Dir - straight line, f/p - tarantella
Aim: a tarantella (lightly wounded, umbra, 67% to hit)
You shoot a bolt. The bolt hits the tarantella.
The tarantella is poisoned.
The tarantella is moderately wounded.
Your shadow shoots a bolt.
The bolt barely misses the tarantella.
The pharaoh ant completely misses you.
Fire: q) +3 arbalest (venom)
Press: ? - help, Q - select action, (/) - cycle Shift-Dir - straight line, f/p - tarantella
Aim: a tarantella (heavily wounded, very poisoned, umbra, 67% to hit)
You shoot a bolt. The bolt hits the tarantella.
The tarantella is heavily wounded.
Your shadow shoots a bolt.
The bolt hits the tarantella.
The pharaoh ant completely misses you. The tarantella touches you!
Fire: q) +3 arbalest (venom)
Press: ? - help, Q - select action, (/) - cycle Shift-Dir - straight line, f/p - tarantella
Aim: a tarantella (almost dead, very poisoned, umbra, 67% to hit)
You shoot a bolt. The bolt hits the tarantella!!
You kill the tarantella!
Dithmenos accepts your kill.
Your shadow shoots a bolt.
The pharaoh ant completely misses you. The wolf spider barely misses you.
You block the wolf spider's attack. The pharaoh ant bites you!!!
You die...

##^...
......
#....#
##.>^..
#.†... #
#...##...
#.s†.†^#
#@B# ####


You could see a wolf spider and a pharaoh ant.

Vanquished Creatures
  Saint Roka (Orc:2)
  Jorgrun (Orc:2)
  A tentacled monstrosity (Swamp:4)
  A storm dragon (D:13)
  3 thorn hunters (Swamp:4)
  2 fenstrider witches (Swamp:4)
  An emperor scorpion (Lair:2)
  3 ghost moths
  A reaper (Swamp:4)
  Nessos (D:14)
  3 bunyips
  4 eleionomae
  A minotaur (Gauntlet)
  The ghost of Dootley the Carver, a journeyman FoFi of Dithmenos (Orc:1)
  An entropy weaver (Spider:1)
  A dire elephant (D:15)
  A fire dragon (D:13)
  The ghost of Pigh the Thaumaturge, a journeyman DrAE of Jiyva (Orc:1)
  Snorg (Lair:3)
  A blizzard demon (Swamp:4)
  An ettin (D:13)
  2 shambling mangroves
  Josephine (Spider:1)
  A yaktaur captain (D:13)
  5 ogre magi
  4 ghost crabs
  A rakshasa (D:13)
  The ghost of Pupniv the Protected, a journeyman BaFi of Cheibriados (Orc:1)
  Erolcha (Orc:2)
  4 boulder beetles
  15 hydras
  A merfolk avatar (Lair:5)
  4 centaur warriors
  2 radroaches (Spider:1)
  A catoblepas (Lair:3)
  A death knight (D:13)
  6 alligators
  9 death yaks
  13 two-headed ogres
  4 orc high priests (Orc:2)
  A soul eater (Swamp:4)
  3 tengu warriors
  Urug (D:14)
  Sonja (Lair:3)
  5 skeletal warriors (D:14)
  4 spriggan druids (Swamp:4)
  2 pharaoh ants (Spider:2)
  5 goliath frogs
  2 sea snakes (Lair:5)
  A flayed ghost (D:13)
  A death drake (Swamp:4)
  3 steelbarb worms
  2 sixfirhies
  An orb spider (Spider:2)
  4 swamp dragons
  3 orc knights
  4 bog bodies
  A necromancer (D:14)
  A wizard (Swamp:4)
  2 deep elf zephyrmancers (Swamp:4)
  2 oklob plants
  A harpy (Lair:5)
  4 deep elf pyromancers
  13 ugly things
  12 wolf spiders
  3 orc sorcerers
  8 manticores
  12 cyclopes
  2 moths of wrath
  2 will-o-the-wisps
  A guardian serpent (shapeshifter) (D:14)
  22 elephants
  Maurice (D:11)
  7 black mambas
  A gargoyle (D:12)
  7 cane toads
  A naga mage (D:15)
  An orange demon (Swamp:4)
  Joseph (D:7)
  A torpor snail (Lair:2)
  4 demonic crawlers
  2 unseen horrors
  A yaktaur (D:12)
  A hellwing (Swamp:4)
  2 tengu conjurers (D:15)
  6 rime drakes
  An efreet (D:15)
  10 komodo dragons
  2 freezing wraiths
  9 trolls
  8 polar bears
  A bloated husk (Swamp:2)
  10 hornets
  11 tyrant leeches
  13 tarantellas
  16 slime creatures
  13 dream sheep
  A snapping turtle (shapeshifter) (D:14)
  8 blink frogs
  3 snapping turtles (Lair:5)
  4 jumping spiders
  8 spriggans
  31 yaks
  10 culicivoras
  3 shadows
  5 wraiths
  3 vampires
  A basilisk (shapeshifter) (D:14)
  16 humans (D:14)
  6 basilisks
  6 wyverns
  A neqoxec (Swamp:4)
  A redback simulacrum (D:14)
  4 chaos spawn (Swamp:4)
  6 steam dragons
  18 vampire mosquitoes
  24 redbacks
  3 acid dragons
  A warg (Orc:2)
  12 water moccasins
  13 swamp worms
  Duvessa (D:5)
  Pargi (Sewer)
  8 black bears
  27 orc warriors
  2 sky beasts
  2 swamp drakes
  7 ogres
  2 boggarts
  25 wolves
  13 centaurs
  2 phantoms (D:4)
  2 gnoll sergeants
  7 bullfrogs
  4 scorpions
  A necrophage (D:6)
  Dowan (D:5)
  3 wights (D:6)
  10 killer bees
  A howler monkey (D:12)
  3 jellies
  A gnoll bouda (D:4)
  33 orc priests
  A hound (D:4)
  3 iguanas
  32 orc wizards
  Robin (D:3)
  3 gnolls (D:10)
  8 adders
  An ufetubus (D:5)
  3 worms
  4 dart slugs
  80 orcs
  8 bats
  7 endoplasms
  7 giant cockroaches
  4 hobgoblins
  11 jackals
  6 kobolds
  6 quokkas
  5 ball pythons
  5 frilled lizards
  15 goblins
  2 rats
922 creatures vanquished.

Vanquished Creatures (collateral kills)
  A quicksilver ooze (Lair:4)
  3 slime creatures (Lair:4)
  3 jellies (Lair:4)
7 creatures vanquished.

Vanquished Creatures (others)
  A thorn hunter (Swamp:4)
  A death drake (Swamp:4)
  A redback (Spider:2)
  5 bushes (Lair:5)
  6 foxfires
  93 fungi
  117 plants
224 creatures vanquished.

Grand Total: 1153 creatures vanquished

Notes
Turn   | Place    | Note
-------+----------+-------------------------------------------
     0 | D:1      | LustLizard the Spriggan Hunter began the quest for the Orb.
     0 | D:1      | Reached XP level 1. HP: 10/10 MP: 2/2
    38 | D:1      | Reached XP level 2. HP: 14/14 MP: 3/3
   869 | D:2      | Reached XP level 3. HP: 18/18 MP: 4/4
   872 | D:2      | Learned a level 2 spell: Blink
  1084 | D:2      | Reached skill level 1 in Translocations
  1219 | D:2      | Reached skill level 5 in Ranged Weapons
  1388 | D:2      | Reached XP level 4. HP: 22/22 MP: 5/5
  1556 | D:3      | Found a glowing drain.
  1595 | Sewer    | Entered a sewer
  1656 | Sewer    | Noticed Pargi
  1825 | Sewer    | Killed Pargi
  1826 | Sewer    | Reached XP level 5. HP: 25/25 MP: 6/6
  1984 | D:3      | Reached skill level 5 in Stealth
  2059 | D:3      | Found a glowing silver altar of Zin.
  2281 | D:3      | Noticed Robin
  2429 | D:3      | Reached skill level 6 in Ranged Weapons
  2485 | D:3      | Killed Robin
  2529 | D:3      | Found a faded altar of an unknown god.
  2669 | D:3      | Reached XP level 6. HP: 30/30 MP: 7/7
  2694 | D:4      | Found an ancient bone altar of Kikubaaqudgha.
  2849 | D:4      | Reached skill level 7 in Ranged Weapons
  2849 | D:4      | Reached XP level 7. HP: 33/33 MP: 8/8
  3555 | D:5      | Entered Level 5 of the Dungeon
  3669 | D:5      | Noticed Dowan
  3690 | D:5      | Reached skill level 8 in Ranged Weapons
  3727 | D:5      | Found a basalt altar of Yredelemnul.
  3971 | D:5      | Found a stormy altar of Qazlal.
  4289 | D:5      | Reached XP level 8. HP: 37/37 MP: 9/9
  4544 | D:5      | Reached skill level 9 in Ranged Weapons
  4594 | D:5      | Found a hazy altar of Hepliaklqana.
  5077 | D:5      | Noticed Duvessa
  5167 | D:5      | Killed Duvessa
  5182 | D:5      | Killed Dowan
  5306 | D:6      | Learned a level 5 spell: Irradiate
  5317 | D:6      | Reached skill level 1 in Transmutations
  5347 | D:6      | Reached skill level 10 in Ranged Weapons
  5364 | D:6      | Reached skill level 1 in Conjurations
  5500 | D:6      | Found an opulent altar of Gozag.
  5500 | D:6      | Found a radiant altar of Vehumet.
  5500 | D:6      | Found a hide-covered altar of Uskayaw.
  6061 | D:6      | Reached XP level 9. HP: 38/41 MP: 10/10
  6328 | D:6      | Found a blossoming altar of Fedhas.
  6329 | D:6      | Found a white marble altar of Elyvilon.
  6329 | D:6      | Found a shimmering blue altar of Sif Muna.
  6330 | D:6      | Found a sacrificial altar of Ru.
  6527 | D:7      | Noticed Joseph
  6790 | D:7      | Found a staircase to the Ecumenical Temple.
  6794 | D:7      | Reached skill level 5 in Transmutations
  6802 | Temple   | Entered the Ecumenical Temple
  6849 | Temple   | Became a worshipper of Dithmenos the Shadowed
  7558 | D:8      | Reached skill level 11 in Ranged Weapons
  7764 | D:8      | Reached * piety under Dithmenos
  7804 | D:8      | Reached XP level 10. HP: 44/46 MP: 11/11
  7931 | D:9      | Found a staircase to the Orcish Mines.
  8031 | D:9      | Noticed an obsidian statue
  8155 | D:9      | Reached skill level 5 in Dodging
  8304 | D:9      | Noticed an orange crystal statue
  8861 | D:10     | Entered Level 10 of the Dungeon
  8861 | D:10     | Found the +4 robe of Augmentation {Str+4 Int+4 Dex+4}
  8907 | D:10     | Noticed an elephant
  8960 | D:10     | Killed an elephant
  8992 | D:10     | Noticed an elephant
  9031 | D:10     | Killed an elephant
  9229 | D:10     | Reached ** piety under Dithmenos
  9273 | D:10     | Found an iron altar of Okawaru.
  9293 | D:10     | Reached skill level 5 in Conjurations
  9362 | D:10     | Found an ornate altar of the Wu Jian Council.
  9413 | D:10     | Noticed an elephant
  9472 | D:10     | Killed an elephant
  9473 | D:10     | Reached skill level 12 in Ranged Weapons
  9591 | D:10     | Noticed an elephant
  9625 | D:10     | Killed an elephant
  9673 | D:10     | Found Plog's Antique Armour Emporium.
  9684 | D:10     | Reached XP level 11. HP: 49/49 MP: 12/12
 10419 | D:11     | Reached skill level 10 in Transmutations
 10716 | D:11     | Found a staircase to the Lair.
 11200 | D:11     | Noticed a two-headed ogre
 11228 | D:11     | Killed a two-headed ogre
 11229 | D:11     | Reached skill level 1 in Spellcasting
 11236 | D:11     | Reached *** piety under Dithmenos
 11698 | D:11     | Noticed Maurice
 11712 | D:11     | Killed Maurice
 11969 | D:12     | Noticed a two-headed ogre
 12000 | D:12     | Killed a two-headed ogre
 12235 | D:11     | Reached skill level 13 in Ranged Weapons
 12369 | D:7      | Killed Joseph
 12569 | D:9      | Noticed a four-headed hydra
 13164 | D:9      | Noticed a sun demon
 13428 | D:12     | Noticed a cyan ugly thing
 13471 | D:12     | Noticed a cyan ugly thing
 13485 | D:12     | Killed a cyan ugly thing
 13486 | D:12     | Reached skill level 1 in Evocations
 13535 | D:12     | Reached skill level 1 in Invocations
 13858 | D:11     | Killed a cyan ugly thing
 14179 | D:12     | Found a runed translucent door.
 14195 | D:12     | Reached XP level 12. HP: 44/56 MP: 18/18
 14365 | D:12     | Found a runed translucent door.
 14871 | Lair:1   | Entered Level 1 of the Lair of Beasts
 14890 | Lair:1   | Noticed a six-headed hydra
 16564 | Lair:1   | Reached skill level 5 in Spellcasting
 17115 | Lair:1   | Killed a six-headed hydra
 17116 | Lair:1   | Reached skill level 14 in Ranged Weapons
 17369 | Lair:1   | Learned a level 3 spell: Ignite Poison
 17418 | Lair:2   | Found a shimmering altar of Xom.
 17620 | Lair:2   | Reached skill level 5 in Evocations
 17901 | Lair:2   | Found a hole to the Spider Nest.
 17982 | Lair:2   | Identified the +3 quarterstaff "Vura" {freeze, *Rage rN+
                  | rCorr}
 18663 | Lair:2   | Reached **** piety under Dithmenos
 18730 | Lair:3   | Noticed a death yak
 18935 | Lair:3   | Noticed a catoblepas
 18979 | Lair:3   | Noticed a four-headed hydra
 19456 | Lair:3   | Killed a four-headed hydra
 19527 | Lair:3   | Noticed a death yak
 19529 | Lair:3   | Noticed a death yak
 19552 | Lair:3   | Killed a death yak
 19618 | Lair:3   | Killed a death yak
 19619 | Lair:3   | Reached XP level 13. HP: 35/63 MP: 22/22
 19726 | Lair:3   | Reached skill level 5 in Fighting
 19827 | Lair:3   | Reached skill level 5 in Invocations
 20375 | Lair:3   | Found a staircase to the Swamp.
 20379 | Lair:3   | Noticed Sonja
 20382 | Lair:3   | Killed Sonja
 20668 | Lair:3   | Reached skill level 15 in Ranged Weapons
 20803 | Lair:4   | Noticed Snorg
 20836 | Lair:3   | Killed Snorg
 21507 | Lair:4   | Reached ***** piety under Dithmenos
 21715 | Lair:4   | Found a staircase to the Slime Pits.
 21786 | Lair:4   | Noticed a quicksilver ooze
 21791 | Lair:4   | Killed a quicksilver ooze
 22261 | Lair:5   | Entered Level 5 of the Lair of Beasts
 22336 | Lair:5   | Reached skill level 16 in Ranged Weapons
 23242 | Lair:5   | Reached XP level 14. HP: 25/70 MP: 23/23
 24925 | Lair:5   | Reached skill level 17 in Ranged Weapons
 24965 | Lair:5   | Reached skill level 10 in Dodging
 25680 | Lair:5   | Found the ring of the Octopus King
 25693 | Lair:5   | Identified a scroll of acquirement
 25694 | Lair:5   | Identified a ring of the Octopus King {HP+2 AC+2 EV+2 SH+2
                  | SInv}
 25704 | Lair:5   | Identified the +1 pair of gloves of Honour {rElec SInv
                  | Stlth+}
 26004 | Lair:5   | Acquired 997 gold pieces
 26511 | D:12     | Reached ****** piety under Dithmenos
 26826 | D:12     | Learned a level 4 spell: Olgreb's Toxic Radiance
 27042 | D:13     | Reached skill level 1 in Poison Magic
 27209 | D:13     | Noticed a storm dragon
 28087 | D:13     | Reached XP level 15. HP: 34/74 MP: 24/24
 28295 | D:13     | Killed a storm dragon
 28955 | D:13     | Reached skill level 18 in Ranged Weapons
 29184 | Orc:1    | Entered Level 1 of the Orcish Mines
 29184 | Orc:1    | Found Cyddenoe's Distillery.
 29184 | Orc:1    | Found Onuafrinn's Jewellery Emporium.
 29188 | Orc:1    | Found Neqiss's Antique Armour Emporium.
 29399 | Orc:1    | Found a runed translucent gate.
 29399 | Orc:1    | Found a runed translucent gate.
 29399 | Orc:1    | Found a runed translucent gate.
 29400 | Orc:1    | Noticed Pupniv's ghost (journeyman BaFi)
 29441 | Orc:1    | Noticed Dootley's ghost (journeyman FoFi)
 29444 | Orc:1    | Noticed Pigh's ghost (journeyman DrAE)
 29683 | Orc:1    | Killed Pupniv's ghost
 29718 | Orc:1    | Killed Dootley's ghost
 29776 | Orc:1    | Killed Pigh's ghost
 29972 | Orc:2    | Entered Level 2 of the Orcish Mines
 29972 | Orc:2    | Found a staircase to the Elven Halls.
 29983 | Orc:2    | Noticed Saint Roka
 29988 | Orc:2    | Noticed Jorgrun
 30024 | Orc:2    | Killed Jorgrun
 30029 | Orc:2    | Reached skill level 5 in Poison Magic
 30163 | Orc:2    | Found a gate leading to a gauntlet.
 30169 | Orc:2    | Noticed Erolcha
 30171 | Orc:2    | Killed Erolcha
 30177 | Gauntlet | Entered a Gauntlet
 30177 | Gauntlet | Found a transporter.
 30447 | Gauntlet | Found a transporter.
 30460 | Gauntlet | Found a transporter.
 30465 | Gauntlet | Found a transporter.
 30494 | Gauntlet | Found a transporter.
 30496 | Gauntlet | Found a transporter.
 30520 | Gauntlet | Found a transporter.
 30522 | Gauntlet | Found a transporter.
 30531 | Gauntlet | Found a transporter.
 30535 | Gauntlet | Found the amulet of the Four Winds {rN+ Will+++ Clar}
 30547 | Gauntlet | Found a transporter.
 30569 | Gauntlet | Found a transporter.
 30647 | Gauntlet | Found a transporter.
 30776 | Gauntlet | Found a transporter.
 30894 | Gauntlet | Found a transporter.
 30898 | Gauntlet | Found a transporter.
 30904 | Gauntlet | Identified the +3 dagger "Inoogh" {vamp, Str+4 Int+8}
 31818 | Orc:1    | Found Wowykh's Distillery.
 31842 | Orc:1    | Found Jedudo's Weapon Emporium.
 32200 | Orc:2    | Found Paowinag's Overcharged Wands.
 32253 | Orc:2    | Killed Saint Roka
 32455 | Orc:2    | Found Muteq's Antique Weapon Emporium.
 32455 | Orc:2    | Found Noemiag's Weapon Shoppe.
 32456 | Orc:2    | Found Zeggei's Antique Weapon Shoppe.
 32460 | Orc:2    | Found Sivalom's Assorted Antiques.
 32463 | Orc:2    | Bought a potion of resistance for 230 gold pieces
 32518 | Orc:1    | Bought a potion of mutation for 112 gold pieces
 32555 | Orc:1    | Bought a potion of mutation for 120 gold pieces
 32555 | Orc:1    | Bought a potion of mutation for 120 gold pieces
 32555 | Orc:1    | Gained mutation: You have a pair of small horns on your
                  | head. [potion of mutation]
 32555 | Orc:1    | Gained mutation: You have hidden genetic potential. [potion
                  | of mutation]
 32555 | Orc:1    | Gained mutation: You have a somewhat thin skeletal
                  | structure. (Dex +2, Stealth+) [potion of mutation]
 32857 | D:14     | Noticed Nessos
 32865 | D:14     | Killed Nessos
 33147 | D:14     | Found a gate to the Vaults.
 33268 | D:14     | Noticed Urug
 33291 | D:14     | Killed Urug
 33739 | D:14     | Identified the +2 leather armour "Tynot" {+Inv rPois
                  | Slay-2}
 33740 | D:14     | Identified the ring of Muorch Amohe {rC+ rCorr Int+4}
 33849 | D:14     | Reached XP level 16. HP: 79/79 MP: 26/26
 34131 | D:15     | Entered Level 15 of the Dungeon
 34135 | D:15     | Reached skill level 19 in Ranged Weapons
 34524 | D:15     | Reached skill level 10 in Evocations
 35256 | D:15     | Found a staircase to the Depths.
 35805 | Swamp:1  | Entered Level 1 of the Swamp
 36446 | Swamp:2  | Gained mutation: You have a pair of horns on your head.
                  | [hidden potential]
 38559 | Swamp:4  | Entered Level 4 of the Swamp
 38614 | Swamp:4  | Reached skill level 10 in Invocations
 38782 | Swamp:4  | Killed a thorn hunter
 39247 | Swamp:4  | Reached XP level 17. HP: 85/85 MP: 28/28
 39613 | Swamp:4  | Gained mutation: Armour fits poorly on your strangely
                  | shaped body. [a neqoxec]
 39691 | Swamp:4  | Noticed a tentacled monstrosity
 39820 | Swamp:4  | Reached skill level 20 in Ranged Weapons
 39849 | Swamp:4  | Reached skill level 15 in Dodging
 40125 | Swamp:4  | Got a decaying rune of Zot
 40172 | Swamp:4  | Killed a tentacled monstrosity
 40638 | Spider:1 | Entered Level 1 of the Spider Nest
 40876 | Lair:2   | Gained mutation: Your flesh is heat resistant. (rF+)
                  | [hidden potential]
 40876 | Lair:2   | Lost mutation: You have hidden genetic potential. [hidden
                  | potential expressed]
 40894 | Spider:1 | Noticed Josephine
 40898 | Spider:1 | Killed Josephine
 42043 | Spider:2 | Noticed Azrael
 42535 | Spider:2 | You fall into a shaft and drop 1 floor!
 42653 | Spider:3 | Slain by a pharaoh ant

Illustrated notes

Levels and vault maps discovered:
D:1:      lightli_arrival_noodles, layout_basic, minmay_domino_4
D:2:      layout_basic, minmay_misc_feat_more_columns
D:3:      layout_basic, zin_scriptorium, gup_sewer_entry_pipe,
          ebering_ecumenical_altar_abandoned, uniq_robin
D:4:      layout_basic, general_overflow_altar, minmay_manual_mandibuliform
D:5:      layout_layer_cave, worldfamousw_hep_ancestral_shrine,
          mainiacjoe_overflow_small_starburst, mainiacjoe_overflow_catwalk,
          uniq_duvessa
D:6:      layout_gridville, minitemple, gammafunk_temple_overflow_claw,
          grunt_ministairs_10
D:7:      layout_loops_cross, minmay_temple_entry_stoned_glass,
          minmay_misc_feat_four_crosses, uniq_joseph
D:8:      layout_basic
D:9:      layout_cross, mainiacjoe_overflow_alcove_2,
          nicolae_tso_swordbearing_angel, david_orc_3, serial_co_window_serial,
          co_window_paths_a, co_window_corner_a, co_window_paths_a,
          co_window_corner_a, co_window_paths_a, co_window_of_opportunity_b,
          co_window_broadway_c, co_window_broadway_a,
          co_window_of_opportunity_c, glass_columns_c, minivault_16,
          minmay_protected_statue
D:10:     wad_woods_tower, layout_irregular_city,
          nicolae_wu_jian_immortal_techniques, okawaru_gym_becter,
          nicolae_inconvenience_store
D:11:     layout_layer_cave, due_lair_maze_entry_diamond,
          kb_lookout_dungeons_type, minmay_misc_feat_plants,
          lemuel_nasty_fountain, uniq_maurice
D:12:     cheibrodos_histonic, layout_loops_ring
D:13:     minmay_bad_star, layout_stronghold, st_stairs_3
D:14:     minmay_the_grid_square_5x5_3x3 [minmay_the_grid_square_5x5_two_small,
          minmay_the_grid_square_5x5_lines,
          minmay_the_grid_square_5x5_bracketed,
          minmay_the_grid_square_5x5_pentomino_r,
          minmay_the_grid_square_5x5_megaprize_crossed,
          minmay_the_grid_square_5x5_corner,
          minmay_the_grid_square_5x5_three_walls, minmay_the_grid_square_5x5_n,
          minmay_the_grid_square_5x5_two], layout_basic, david_vaults_3,
          minmay_misc_feat_hallway
D:15:     hangedman_depths_entry_try_elsewhere_first, layout_loops_ring
Temple:   nicolae_temple_superstar
Lair:1:   layout_loops_ring, chequers_serial_rivers_micro_c,
          chequers_serial_rivers_large_b, nzn_random_ring
Lair:2:   layout_long_grid, spider_nest_entry_webs, lemuel_oklob_altar
Lair:3:   layout_cave_pods, swamp_mist, grunt_forest_stairs_clearing,
          serial_bayou_shore_b, serial_bayou_shore_b, uniq_sonja
Lair:4:   layout_long_grid, slime_entry_1, serial_rivers,
          chequers_serial_rivers_micro_b, chequers_serial_rivers_micro_c,
          chequers_serial_rivers_micro_d, chequers_serial_rivers_micro_a,
          nicolae_lair_time_for_slime, infiniplex_staircase_pool_2, uniq_snorg
Lair:5:   gammafunk_lair_ancient_temple, layout_cave_pods, minmay_hedge_maze,
          serial_bayou_shore_b
Swamp:1:  layout_falls_marsh, evilmike_swamp_ruin_house_3
Swamp:2:  layout_basic_swamp, evilmike_swamp_ruin_rubble_2, swamp_pool2,
          st_swamp_mini
Swamp:3:  layout_basic_swamp, evilmike_swamp_ruin_house_2
Swamp:4:  nzn_swamp_witches_coven, layout_basic_swamp, swamp_pool3,
          infiniplex_staircase_pool
Spider:1: layout_spider_delve, nicolae_spider_swamp_cousins, uniq_josephine
Spider:2: layout_chambers, uniq_agnes, uniq_azrael
Spider:3: layout_spider_delve
Orc:1:    layout_caves, serial_shops, nicolae_shop_competitors_out_of_business,
          shop, shop, shop, shop, gammafunk_ghost_cemetery,
          nicolae_orc_lava_tube
Orc:2:    st_orc_mages, layout_caves, gauntlet_entry_generic, enter_volcano_2,
          nicolae_shop_overcharged_wands, uniq_jorgrun, uniq_saint_roka,
          uniq_erolcha

Skill      XL: |  1  2  3  4  5  6  7  8  9 10 11 12 13 14 15 16 17 |
---------------+----------------------------------------------------+-----
Stealth        | 2 3 4 5 6 |  6.1
Translocations | 1 2 4 |  4.0
Ranged Weapons | 5 6 7 8 10 11 12 13 14 16 17 18 19 20 | 20.5
Transmutations | 4 7 9 10 | 10.8
Conjurations   | 2 4 5 6 |  6.3
Dodging        | 4 7 8 11 12 14 16 | 16.3
Spellcasting   | 3 5 6 7 |  7.1
Fighting       | 3 4 6 8 9 |  9.7
Evocations     | 2 6 9 10 | 10.4
Invocations    | 1 4 5 7 8 10 | 10.8
Poison Magic   | 3 7 |  7.0

Action                   |  1- 3 |  4- 6 |  7- 9 | 10-12 | 13-15 | 16-18 || total
-------------------------+-------+-------+-------+-------+-------+-------++-------
Melee: Shortbow          |       |       |       |     1 |       |       ||     1
 Fire: Shortbow          |   101 |   136 |       |  1114 |  1003 |       ||  2354
       Sling             |       |    40 |   464 |    69 |       |       ||   573
       Arbalest          |       |       |       |       |   625 |   696 ||  1321
 Cast: Blink             |       |       |     3 |     1 |       |       ||     4
       Irradiate         |       |       |       |       |     4 |     8 ||    12
       Olgreb's Toxic Ra |       |       |       |       |     2 |     9 ||    11
       Ignite Poison     |       |       |       |       |     1 |    64 ||    65
 Abil: Evoke Invisibilit |       |       |       |       |     3 |       ||     3
  Use: Scroll            |       |     4 |     4 |    12 |    19 |     5 ||    44
       Potion            |       |       |       |     2 |    10 |     5 ||    17
Armor: Robe              |    12 |     4 |       |    45 |    44 |    31 ||   136
       Troll leather arm |       |     5 |    27 |    13 |       |       ||    45
Dodge: Dodged            |    31 |    42 |   109 |   501 |   467 |   551 ||  1701
Block: Other             |       |       |       |       |    10 |    24 ||    34
